 Dungeon Crawl Stone Soup version 0.30-a0-937-ga0a21ad780 (webtiles) character file.

Game seed: 12413336571977132705

219 BigDaddyOpFi the Conjurer (level 6, -2/61 HPs)
             Began as a Human Conjurer on Mar 24, 2023.
             Slain by Duvessa
             ... wielding a +0 short sword
              (3 damage)
             ... on level 4 of the Dungeon.
             The game lasted 00:03:53 (4034 turns).

BigDaddyOpFi the Conjurer (Human Conjurer)          Turns: 4034, Time: 00:03:53

Health: -2/61      AC: 23    Str:  5 (7)  XL:     6   Next: 17%
Magic:  0/10       EV:  2    Int: 17 (20) God:
Gold:   141        SH:  0    Dex: 11 (12) Spells: 8/11 levels left

rFire   . . .      SeeInvis .    d - +0 morningstar
rCold   . . .      Faith    .    (no shield)
rNeg    . . .      Spirit   +    a - melded +0 robe
rPois   +          Reflect  .    (helmet currently unavailable)
rElec   .          Rampage  .    (cloak currently unavailable)
rCorr   .          NoTele   +    (gloves currently unavailable)
Will    .....                    i - melded +0 pair of boots
Stlth   ++                       n - amulet of guardian spirit
HPRegen 0.30/turn                (no ring)
MPRegen 0.12/turn                (no ring)

@: tree-form, hasted, very quick
A: stationary, stasis, torment immunity, boosted hp
a: no special abilities


You were on level 4 of the Dungeon.
You were a tree.
You visited 1 branch of the dungeon, and saw 4 of its levels.

You collected 141 gold pieces.

Inventory:

Hand Weapons
 d - a +0 morningstar (weapon)
 o - a +1 hand axe of electrocution
Armour
 a - a +0 robe (melded)
 i - a +0 pair of boots (melded)
Magical Staves
 f - a staff of conjuration
Jewellery
 n - an amulet of guardian spirit (around neck)
Wands
 g - a wand of roots (5)
 r - a wand of digging (8)
Potions
 k - a potion of degeneration


   Skills:
 + Level 3.4 Dodging
 + Level 3.5 Stealth
 + Level 3.2 Spellcasting
 + Level 4.9 Conjurations


You had 8 spell levels left.
You knew the following spells:

 Your Spells              Type           Power      Damage    Failure   Level
a - Magic Dart            Conj           76%        1d6       2%          1
b - Searing Ray           Conj           38%        2d5       3%          2

Your spell library contained the following spells:

 Spells                   Type           Power      Damage    Failure   Level
 Kiss of Death            Conj/Necr      44%        2d8       6%          1
 Dazzling Flash           Conj/Hex       22%        N/A       19%         3
 Confusing Touch          Hex            2%         N/A       45%         3
 Vhi's Electric Charge    Tloc/Air       4%         N/A       45%         3
 Fulminant Prism          Conj/Hex       5%         3d7       52%         4
 Iskenderun's Mystic Bla  Conj/Tloc      11%        2d4       52%         4
 Dispel Undead            Necr           2%         3d7       86%         4
 Arcjolt                  Conj/Air       5%         1d15      86%         5
 Maxwell's Capacitive Co  Air            1%         ∞         100%        8


Dungeon Overview and Level Annotations

Branches:
Dungeon (4/15)
 Temple: D:4-7

Altars:
Ashenzari
Qazlal
Uskayaw

Annotations:
D:4 Dowan, Duvessa


Message History

Unknown command.
Casting: Magic Dart (safe; 2% risk of failure)
Confirm with . or Enter, or press ? or * to list all spells.
You don't have enough magic to cast this spell.
Casting: Magic Dart (safe; 2% risk of failure)
Confirm with . or Enter, or press ? or * to list all spells.
You don't have enough magic to cast this spell.
Unknown command.
Okay, then.
You aren't carrying any scrolls.
You barely miss Duvessa.
Duvessa is moderately wounded.
Duvessa hits you with a +0 short sword.
* * * LOW HITPOINT WARNING * * *
Dowan says, "Stay away from my face!"
Dowan casts a spell at you. You resist with some effort.
Duvessa hits you but does no damage.
You hit Duvessa but do no damage.
Duvessa is moderately wounded.
Duvessa hits you but does no damage.
You barely miss Duvessa.
Duvessa is moderately wounded.
Duvessa hits you but does no damage. Duvessa hits you with a +0 short sword.
* * * LOW HITPOINT WARNING * * *
You hit Duvessa.
Duvessa is heavily wounded.
Duvessa hits you but does no damage.
You hit Duvessa.
Duvessa is heavily wounded.
Duvessa hits you but does no damage. Dowan hits you but does no damage.
Duvessa hits you but does no damage.
You barely miss Duvessa.
Duvessa is heavily wounded.
Dowan gestures at you while chanting. You resist with some effort.
Duvessa hits you with a +0 short sword.
* * * LOW HITPOINT WARNING * * *
You hit Duvessa.
Duvessa is severely wounded.
Duvessa hits you with a +0 short sword.
You die...

# .w# #### ....
##..# ...## #..##
#..## ####.## #.♣##
###....#
##ee###.....##
##..#......#
##.......##
##.......##
#.......###
##........)###
#.......#....####
##......#####....###


You could see Duvessa (fast), Dowan and a dart slug (asleep).

Vanquished Creatures
  An ogre (D:4)
  A sleepcap (D:4)
  4 adders
  An ufetubus (D:4)
  A worm (D:3)
  2 dart slugs
  6 orcs (D:3)
  9 ball pythons
  4 bats
  5 endoplasms
  4 giant cockroaches
  2 hobgoblins
  2 quokkas
  6 frilled lizards
  7 goblins
  4 kobolds
  5 rats
64 creatures vanquished.

Notes
Turn   | Place    | Note
-------+----------+-------------------------------------------
     0 | D:1      | BigDaddyOpFi the Human Conjurer began the quest for the
                  | Orb.
     0 | D:1      | Reached XP level 1. HP: 13/13 MP: 3/3
   205 | D:1      | Reached XP level 2. HP: 19/19 MP: 0/5
   604 | D:1      | Reached XP level 3. HP: 24/24 MP: 3/6
  1223 | D:2      | Learned a level 2 spell: Searing Ray
  2569 | D:3      | Found a broken altar of Ashenzari.
  2599 | D:3      | Reached XP level 4. HP: 30/30 MP: 4/7
  3291 | D:3      | Found a stormy altar of Qazlal.
  3458 | D:3      | Reached XP level 5. HP: 35/35 MP: 4/9
  3773 | D:4      | Found a hide-covered altar of Uskayaw.
  3958 | D:4      | Noticed an ogre
  3965 | D:4      | Killed an ogre
  3965 | D:4      | Noticed Duvessa
  3966 | D:4      | Reached XP level 6. HP: 41/41 MP: 1/10
  3974 | D:4      | Noticed Dowan
  4033 | D:4      | HP: 1/61 [Duvessa/+0 short sword (5)]
  4034 | D:4      | Slain by Duvessa

Illustrated notes

Levels and vault maps discovered:
D:1:      sevenhm_arrival_forest_fort_small_6, layout_basic,
          chequers_serial_rivers_micro_a
D:2:      layout_basic
D:3:      layout_basic, mainiacjoe_overflow_small_starburst,
          mainiacjoe_overflow_catwalk, chequers_jeans, minmay_cut_off
D:4:      layout_cave_pods, mainiacjoe_overflow_concentric_impassable,
          temple_hall_moat, serial_shops, shop, uniq_duvessa, uniq_pargi,
          uniq_blork_the_orc, uniq_pikel

Skill      XL: |  1  2  3  4  5 |
---------------+----------------+-----
Stealth        | 3 |  3.5
Dodging        | 3 |  3.4
Spellcasting   | 3 |  3.2
Conjurations   | |  4.9

Action                     |  1- 3 |  4- 6 || total
---------------------------+-------+-------++-------
  Melee: Morningstar       |     3 |    31 ||    34
         Staff             |     3 |     6 ||     9
         Punch             |       |     1 ||     1
   Cast: Magic Dart        |    58 |    57 ||   115
         Searing Ray       |       |     3 ||     3
    Use: Scroll            |     4 |     2 ||     6
         Potion            |     3 |     9 ||    12
 Armour: Robe              |     2 |     5 ||     7
         Skin              |       |    11 ||    11
  Dodge: Dodged            |    21 |    31 ||    52

Table legend: (Time is in decaauts)
 A = Elapsed time spent in this place.
 B = Non-inter-level travel time spent in this place.
 C = Inter-level travel time spent in this place.
 D = Time resting spent in this place.
 E = Time spent auto-exploring this place.
 F = Levels seen in this place.
 G = Mean time per level.
                   A        B        C        D        E       F      G
               +--------+--------+--------+--------+--------+-----+--------+
         Total |   4056 |   3943 |    113 |    251 |   3223 |   4 | 1014.0 |
       Dungeon |   4056 |   3943 |    113 |    251 |   3223 |   4 | 1014.0 |
               +--------+--------+--------+--------+--------+-----+--------+

Top non-repeatable levels by time:
     D:2: 1453 daAuts
     D:3: 1312 daAuts
     D:1: 989 daAuts
     D:4: 301 daAuts
